 Dungeon Crawl Stone Soup version 0.28.0-47-ge53b351184 (webtiles) character file.

Game seed: 13579788009181237809

86 Icepheonix32 the Skirmisher (level 4, -5/35 HPs)
             Began as a Demonspawn Fighter on Apr 29, 2022.
             Killed by nerve-wracking pain
             ... invoked by Grinder
              (13 damage)
             ... on level 3 of the Dungeon.
             The game lasted 00:02:31 (1946 turns).

Icepheonix32 the Skirmisher (Demonspawn Fighter)    Turns: 1946, Time: 00:02:31

Health: -5/35      AC: 10    Str: 19    XL:     4   Next: 27%
Magic:  4/4        EV:  9    Int:  9    God:
Gold:   99         SH:  4    Dex: 12    Spells: 3/3 levels left

rFire   . . .      SeeInvis .   a - +0 long sword
rCold   . . .      Faith    .   c - +0 buckler
rNeg    . . .      Spirit   .   b - +0 scale mail
rPois   .          Reflect  .   (no helmet)
rElec   .          Harm     .   (no cloak)
rCorr   .          Rampage  .   d - +2 pair of gloves
Will    .....                   (no boots)
Stlth   ..........              (no amulet)
HPRegen 0.11/turn               (no ring)
MPRegen 0.09/turn               (no ring)

@: invisible
A: demonic touch 1
a: no special abilities


You were on level 3 of the Dungeon.
You visited 1 branch of the dungeon, and saw 3 of its levels.

You collected 99 gold pieces.

Inventory:

Hand Weapons
 a - a +0 long sword (weapon)
 k - a +4 hunting sling
Missiles
 l - 5 boomerangs (quivered)
Armour
 b - a +0 scale mail (worn)
 c - a +0 buckler (worn)
 d - a +2 pair of gloves (worn)
Scrolls
 g - a scroll of holy word {unknown}
 h - a scroll of teleportation {unknown}
Potions
 e - a potion of invisibility
 f - a potion of lignification {unknown}
 i - a potion of curing {unknown}
 n - a potion of mutation {unknown}


   Skills:
 + Level 3.5 Fighting
 - Level 2.0 Long Blades
 + Level 0.1 Slings
 + Level 3.3 Armour
 + Level 0.8 Dodging
 + Level 0.4 Stealth
 - Level 3.0 Shields
 * Level 1.1 Unarmed Combat


You had 3 spell levels left.
You didn't know any spells.
Your spell library was empty.

Dungeon Overview and Level Annotations

Branches:
Dungeon (3/15)

Altars:

Annotations:
D:3 Grinder


Innate Abilities, Weirdness & Mutations

Your touch may inflict minor irresistible damage on your foes.


Message History

You are too injured to fight recklessly!
Unknown command.
Fire: stone
Press: ? - help, Q - select action, (/) - cycle Shift-Dir - straight line, f/p - Grinder
Aim: Grinder (lightly wounded, 60% to hit)
You shoot a stone. The stone hits Grinder.
Grinder is moderately wounded.
Grinder hits you.
* * * LOW HITPOINT WARNING * * *
You writhe in agony.
* * * LOW HITPOINT WARNING * * *
You feel much better. Grinder hits you.
It was a potion of invisibility.
You fade into invisibility!
Grinder hits you.
You writhe in agony.
Unknown command.
a - a +0 long sword (weapon)
You barely miss Grinder.
Grinder is moderately wounded.
You block Grinder's attack.
You hit Grinder.
Grinder is moderately wounded.
Grinder closely misses you.
Grinder says, "DUCK!"
Grinder barely misses you.
You catch the helpless Grinder completely off-guard!
You slash Grinder!
Grinder is heavily wounded.
Grinder gestures at you. Pain shoots through your body!
You slash Grinder!
Grinder is severely wounded.
Grinder hits you.
* * * LOW HITPOINT WARNING * * *
You closely miss Grinder.
Grinder is severely wounded.
Grinder barely misses you. Grinder gestures at you.
Pain shoots through your body!
You die...

#. # #.. # #. #.#
.#.#.#### #.#
........####.#
#...........#
#..)......########
#<# #((@5((...(
###.# ##.####.###
#...###...###.#
#.#.........<.#
#+#######.##### ##


You could see Grinder.

Vanquished Creatures
  A gnoll (D:1)
  4 adders (D:2)
  An adder skeleton (D:2)
  4 endoplasms (D:1)
  2 giant cockroaches (D:1)
  4 goblins (D:1)
  3 hobgoblins
  2 jackals (D:2)
  A quokka (D:2)
  3 ball pythons
  A bat (D:2)
  2 frilled lizards (D:1)
  6 kobolds
  3 rats
37 creatures vanquished.

Notes
Turn   | Place    | Note
-------+----------+-------------------------------------------
     0 | D:1      | Icepheonix32 the Demonspawn Fighter began the quest for the
                  | Orb.
     0 | D:1      | Reached XP level 1. HP: 18/18 MP: 1/1
   209 | D:1      | Gained mutation: Your touch may inflict minor irresistible
                  | damage on your foes. [demonic ancestry]
   209 | D:1      | Reached XP level 2. HP: 18/24 MP: 2/2
   875 | D:1      | Reached XP level 3. HP: 27/29 MP: 3/3
  1280 | D:2      | Reached skill level 1 in Unarmed Combat
  1280 | D:2      | Reached XP level 4. HP: 16/35 MP: 4/4
  1476 | D:2      | Found a faded altar of an unknown god.
  1926 | D:3      | Noticed Grinder
  1946 | D:3      | Killed from afar by Grinder

Illustrated notes

Levels and vault maps discovered:
D:1:      dpeg_arrival_pits, layout_rooms, palyth_stone_intersect,
          minmay_misc_feat_rows, minivault_27, minmay_statues_item,
          nicolae_concentric_dashed_squares_wild, minivault_23
D:2:      layout_basic, basic_ecumenical_altar, grunt_ministairs_6
D:3:      layout_loops_ring, mainiacjoe_overflow_chevrons, grunt_ministairs_15,
          chequers_serial_rivers_micro_b, kennysheep_generic_room_16,
          uniq_grinder

Skill      XL: |  1  2  3 |
---------------+----------+-----
Long Blades    | 2 |  2.0
Armour         | 3 |  3.3
Shields        | 3 |  3.0
Unarmed Combat | 1 |  1.1
Fighting       | |  3.5
Slings         | |  0.1
Dodging        | |  0.8
Stealth        | |  0.4

Action                   |  1- 3 |  4- 6 || total
-------------------------+-------+-------++-------
Melee: Long sword        |    89 |    13 ||   102
 Fire: Hunting sling     |       |    21 ||    21
  Use: Potion            |     1 |     2 ||     3
 Stab: Invisible         |       |     1 ||     1
Armor: Scale mail        |    52 |     8 ||    60
Dodge: Dodged            |    38 |     8 ||    46
Block: Buckler           |    18 |     4 ||    22
